 Dungeon Crawl Stone Soup version 0.18-a0-1514-g6ed9364 (webtiles) character file.

69 Fabri the Changer (level 4, 0/28 HPs)
             Began as an Octopode Transmuter on Mar 6, 2016.
             Succumbed to an adder's poison
             ... on level 2 of the Dungeon.
             The game lasted 00:04:07 (1384 turns).

Fabri the Changer (Octopode Transmuter)             Turns: 1384, Time: 00:04:07

Health: 0/28       AC:  1    Str:  9    XL:     4   Next: 20%
Magic:  3/7        EV: 12    Int: 15    God:
Gold:   50         SH:  0    Dex: 13    Spells: 2 memorised, 2 levels left

rFire  . . .     SeeInvis .       - Unarmed
rCold  . . .     Gourm    .     (no shield)
rNeg   . . .     Faith    .     (helmet restricted)
rPois  .         Spirit   .     (no amulet)
rElec  .         Dismiss  .     (no ring)
rCorr  .         Reflect  .     (no ring)
SustAt .         Harm     .     (no ring)
MR     .....                    (no ring)
Stlth  ++........               (no ring)
                                (no ring)
                                (no ring)
                                (no ring)

@: lethally poisoned (0 -> -6), very slightly contaminated, hasted, very quick,
not resistant to hostile enchantments, unstealthy
A: almost no armour, amphibious, 8 rings, constrict 8, camouflage 1, gelatinous
body 1
a: no special abilities


You were on level 2 of the Dungeon.
You were hungry.

You visited 1 branch of the dungeon, and saw 2 of its levels.

You collected 50 gold pieces.

Inventory:

Missiles
 a - 51 arrows
 e - 23 bolts
 i - 63 stones (quivered)
Scrolls
 d - a scroll of fear {unknown}
 g - a scroll of recharging {unknown}
 h - a scroll of identify {unknown}
 j - a scroll of remove curse
Books
 b - a book of Changes

   Spells                             Type                      Level
   a - Beastly Appendage              Transmutation                1
   b - Sticks to Snakes               Transmutation                2
   c - Spider Form                    Transmutation/Poison         3
   d - Ice Form                       Ice/Transmutation            4
   e - Blade Hands                    Transmutation                5
Comestibles
 c - a bread ration
 f - a meat ration
 k - 2 slices of pizza
 l - 2 chunks of flesh


   Skills:
 - Level 1.0 Fighting
 - Level 2.0 Dodging
 - Level 3.0 Unarmed Combat
 - Level 2.0 Spellcasting
 + Level 4.3 Transmutations


You had 2 spell levels left.
You knew the following spells:

 Your Spells              Type           Power        Failure   Level  Hunger
a - Sticks to Snakes      Trmt           ##......     8%          2    ###....
b - Spider Form           Trmt/Pois      #.........   30%         3    ###....


Dungeon Overview and Level Annotations

Branches:
Dungeon (2/15)

Altars:
Trog


Innate Abilities, Weirdness & Mutations

You cannot wear most types of armour.
You are amphibious.
You can wear up to eight rings at the same time.
You can use your tentacles to constrict eight enemies at once.
Your skin changes colour to match your surroundings (Stealth).
Your rubbery body absorbs attacks (AC +1).


Message History

* * * LOW HITPOINT WARNING * * *
You feel sick.
* * * LOW HITPOINT WARNING * * *
You feel sick.
* * * LOW HITPOINT WARNING * * *
You feel sick.
You see here a scroll labeled KIVILABESK.
d - a scroll labeled KIVILABESK
* * * LOW HITPOINT WARNING * * *
You feel sick.
You are feeling hungry.
* * * LOW HITPOINT WARNING * * *
You feel sick.
* * * LOW HITPOINT WARNING * * *
You feel sick.
* * * LOW HITPOINT WARNING * * *
You feel sick.
* * * LOW HITPOINT WARNING * * *
You feel sick.
You die...

##.##.# #
.##...#.##.#
...........#
###...#.########
...............#
##........####.#
#.#.##.#.# .###.#
#.#.
#.#.####.....# #
#.##.#..@....#
#......###........
####.#.# #....##.#
#.#...........
#.#.###....##.#
..... .....# #
#.#.# ##.... ###..
..### ##


There were no monsters in sight!

Vanquished Creatures
  3 adders
  A shadow imp (D:1)
  A dart slug (D:2)
  3 bats (D:1)
  A giant cockroach (D:1)
  7 goblins
  3 hobgoblins (D:1)
  5 kobolds
  A ball python (D:1)
  2 giant newts (D:1)
  7 rats
34 creatures vanquished.

Notes
Turn   | Place    | Note
--------------------------------------------------------------
     0 | D:1      | Fabri the Octopode Transmuter began the quest for the Orb.
     0 | D:1      | Reached XP level 1. HP: 13/13 MP: 3/3
   146 | D:1      | Reached XP level 2. HP: 9/18 MP: 5/5
   323 | D:1      | Reached skill level 3 in Transmutations
   332 | D:1      | Reached XP level 3. HP: 6/23 MP: 4/6
   633 | D:1      | Learned a level 3 spell: Spider Form
  1230 | D:1      | Learned a level 2 spell: Sticks to Snakes
  1271 | D:2      | Reached skill level 4 in Transmutations
  1286 | D:2      | Found a bloodstained altar of Trog.
  1317 | D:2      | Reached XP level 4. HP: 28/28 MP: 3/7
  1379 | D:2      | HP: 1/28 [poisoned by an adder]
  1384 | D:2      | Succumbed to an adder's poison

Vault maps used:
D:1:      kilobyte_arrival_exit_the_forest
D:2:      grunt_temple_overflow_holy_war, bloody_trog

Skill      XL: |  1  2  3 |
---------------+----------+-----
Transmutations | 3 4 |  4.3
Fighting       | |  1.0
Dodging        | |  2.0
Unarmed Combat | |  3.0
Spellcasting   | |  2.0

Action                   |  1- 3 |  4- 6 || total
-------------------------+-------+-------++-------
Melee: Unarmed           |    81 |     4 ||    85
 Cast: Beastly Appendage |    14 |       ||    14
       Spider Form       |     3 |     1 ||     4
 Abil: End Transformatio |       |     1 ||     1
  Use: Potion            |     3 |     1 ||     4
       Scroll            |     4 |       ||     4
 Stab: Sleeping          |     2 |       ||     2
  Eat: Chunk             |     2 |       ||     2
